 Dungeon Crawl Stone Soup version 0.29.1-1-gd02db6906a (webtiles) character file.

Game seed: 11543030424736615929

98843 mtoz the Blocker (level 16, -2/129 HPs)
             Began as a Gnoll Fighter on Sept 18, 2022.
             Was a High Priest of Cheibriados.
             Slain by a quicksilver ooze (9 damage)
             ... in an ice cave on Sept 19, 2022.
             The game lasted 03:13:08 (24985 turns).

mtoz the Blocker (Gnoll Fighter)                   Turns: 24985, Time: 03:13:09

Health: -2/129     AC: 26    Str: 32    XL:     16   Next: 23%
Magic:  40/40      EV: 17    Int: 30    God:    Cheibriados [*****.]
Gold:   765        SH:  8    Dex: 22    Spells: 15/37 levels left

rFire   . . .      SeeInvis +   C - +8 autumn katana {vorpal, manifold assault}
rCold   + . .      Faith    .   c - +0 buckler
rNeg    . . .      Spirit   .   j - +7 chain mail "Seaq" {MP+9 SInv}
rPois   .          Reflect  .   n - +2 hat
rElec   .          Harm     .   N - scarf {repulsion}
rCorr   .          Rampage  .   B - +2 pair of gloves
Will    +++..                   R - +2 pair of boots {Stlth+}
Stlth   +++.......              X - amulet of regeneration
HPRegen 1.11/turn               h - ring of Trepidation {Fly rC+ Int+6 SInv}
MPRegen 0.27/turn               Q - ring of willpower

@: engulfed (cannot breathe), flying, studying Long Blades, repel missiles, very
slow
A: fangs 1, strong nose, distributed training, horns 1, iridescent scales 1,
clever 1, deformed body, strong-willed 1
a: Renounce Religion, Bend Time, Temporal Distortion, Slouch, Step From Time


You were in an ice cave.
You worshipped Cheibriados.
Cheibriados was extremely pleased with you.
You visited 7 branches of the dungeon, and saw 26 of its levels.
You visited the Abyss 1 time.
You also visited: Bailey, Gauntlet and Ice Cave.

You collected 2598 gold pieces.
You spent 1833 gold pieces at shops.

Inventory:

Hand Weapons
 k - a +5 demon blade of venom
 C - the +8 autumn katana (weapon) {vorpal, manifold assault}
   (You took it off a minotaur in a Gauntlet)

   It sometimes launches melee attacks against multiple visible enemies.
 M - a +4 trident of pain
 T - a +3 vorpal arbalest
Missiles
 e - 205 stones
 g - 21 poisoned darts
 w - 10 boomerangs (quivered)
 H - 10 javelins
 I - 7 throwing nets
 J - an atropa-tipped dart
Armour
 c - a +0 buckler (worn)
 d - the +1 kite shield of Philately {Int+4}
   (You bought it in a shop on level 13 of the Dungeon)

   Int:       It affects your intelligence (+4).
 j - the +7 chain mail "Seaq" (worn) {MP+9 SInv}
   (You took it off a minotaur in a Gauntlet)

   MP:        It affects your magic capacity (+9).
   SInv:      It lets you see invisible.
 n - a +2 hat (worn)
 B - a +2 pair of gloves (worn)
 N - a scarf of repulsion (worn)
 R - a +2 pair of boots of stealth (worn)
Jewellery
 h - the ring of Trepidation (left hand) {Fly rC+ Int+6 SInv}
   (You bought it in a shop on level 2 of the Orcish Mines)

   [ring of intelligence]

   Int:       It affects your intelligence (+6).
   rC:        It protects you from cold.
   SInv:      It lets you see invisible.
   Fly:       It grants you flight.
 s - an amulet of the acrobat
 t - a ring of poison resistance
 K - the ring of the Princeling {rF++ rC- Str+5 SInv}
   (You found it on level 14 of the Dungeon)

   [ring of see invisible]

   Str:       It affects your strength (+5).
   rF:        It greatly protects you from fire.
   rC:        It makes you vulnerable to cold.
   SInv:      It lets you see invisible.
 O - a ring of willpower
 Q - a ring of willpower (right hand)
 W - a ring of protection from fire
 X - an amulet of regeneration (around neck)
Wands
 v - a wand of mindburst (9)
 G - a wand of quicksilver (5)
 P - a wand of charming (10)
 V - a wand of flame (9)
 Y - a wand of digging (3)
 Z - a wand of roots (10)
Scrolls
 a - 9 scrolls of identify
 i - 3 scrolls of immolation
 p - a scroll of amnesia
 q - 6 scrolls of poison
 r - 5 scrolls of fear
 u - 4 scrolls of torment
 y - 2 scrolls of magic mapping
 z - a scroll of enchant armour
 A - 6 scrolls of enchant weapon
 D - 6 scrolls of teleportation
 E - 3 scrolls of butterflies
 L - a scroll of blinking
 U - a scroll of summoning
Potions
 b - 2 potions of brilliance
 m - a potion of cancellation
 o - 12 potions of curing
 F - a potion of might
 S - a potion of mutation
Miscellaneous
 l - a box of beasts


   Skills:
 + Level 12.8 Fighting
 + Level 11.1 Short Blades
 + Level 11.7 Long Blades
 + Level 12.0 Axes
 + Level 11.1 Maces & Flails
 + Level 11.1 Polearms
 + Level 11.1 Staves
 + Level 11.1 Ranged Weapons
 + Level 11.1 Throwing
 + Level 12.8 Armour
 + Level 11.1 Dodging
 + Level 11.1 Stealth
 + Level 12.8 Shields
 + Level 11.1 Unarmed Combat
 + Level 11.1 Spellcasting
 + Level 9.3 Conjurations
 + Level 9.3 Hexes
 + Level 9.3 Summonings
 + Level 9.3 Necromancy
 + Level 9.3 Translocations
 + Level 9.3 Transmutations
 + Level 9.3 Fire Magic
 + Level 9.3 Ice Magic
 + Level 9.3 Air Magic
 + Level 9.3 Earth Magic
 + Level 9.3 Poison Magic
 + Level 12.1 Invocations
 + Level 11.1 Evocations


You had 15 spell levels left.
You knew the following spells:

 Your Spells              Type           Power      Damage    Failure   Level
a - Passwall              Tmut/Erth      53%        N/A       1%          2
b - Teleport Other        Tloc           64%        N/A       1%          3
c - Poisonous Vapours     Pois/Air       100%       N/A       1%          2
d - Static Discharge      Conj/Air       64%        3-11/arc  1%          2
e - Olgreb's Toxic Radia  Pois           64%        N/A       2%          4
f - Gell's Gravitas       Tloc           64%        N/A       1%          3
g - Lesser Beckoning      Tloc           64%        N/A       1%          3
h - Ensorcelled Hibernat  Hex/Ice        100%       N/A       1%          2
i - Sting                 Tmut/Pois      100%       1d8       1%          1

Your spell library contained the following spells:

 Spells                   Type           Power      Damage    Failure   Level
 Apportation              Tloc           100%       N/A       1%          1
 Necrotise                Necr           100%       1d9       1%          1
 Summon Small Mammal      Summ           100%       N/A       1%          1
 Call Canine Familiar     Summ           64%        N/A       1%          3
 Portal Projectile        Hex/Tloc       100%       N/A       1%          3
 Swiftness                Air            64%        N/A       1%          3
 Leda's Liquefaction      Hex/Erth       32%        N/A       2%          4
 Lightning Bolt           Conj/Air       32%        1d49      7%          5
 Ozocubu's Refrigeration  Ice            32%        4d14      91%         7
 Ignition                 Fire           32%        3d10      100%        8
 Maxwell's Capacitive Co  Air            32%        ∞         100%        8


Dungeon Overview and Level Annotations

Branches:
Dungeon (15/15)            Temple (1/1) D:6            Lair (5/5) D:11
 Shoals (1/4) Lair:2       Spider (0/4) Lair:3        Slime (0/5) Lair:4
    Orc (2/2) D:12            Elf (1/3) Orc:2        Vaults (0/5) D:14
 Depths (1/4) D:15         Bailey (visited)           IceCv (1/1)
Gauntlet (visited)

Altars:
Ashenzari
Cheibriados
Dithmenos
Elyvilon
Fedhas
Gozag
Hepliaklqana
Kikubaaqudgha
Makhleb
Nemelex Xobeh
Okawaru
Qazlal
Ru
Sif Muna
Trog
Uskayaw
Vehumet
Wu Jian
Xom
Yredelemnul
Zin
The Shining One
Jiyva

Shops:
D:3 =   D:4 *   D:5 *   D:6 (   D:8 !   D:10 *   D:11 [   D:13 [((:
Orc:2 (=?(

Annotations:
D:7 2 transporters
D:9 exclusion: statue
D:14 inwall
D:15 Roxanne IceCv exclusion: 2 orange crystal statues


Innate Abilities, Weirdness & Mutations

You have very sharp teeth.
Your uncanny sense of smell can sniff out nearby items.
Your experience applies equally to all skills.
You have a pair of small horns on your head.
You are partially covered in iridescent scales. (AC +2)
Your mind is acute. (Int +4, Str/Dex -1)
Armour fits poorly on your strangely shaped body.
You are strong-willed. (Will+)


Message History

You slice the large slime creature!!
You headbutt the large slime creature, but do no damage.
You bite the large slime creature.
The large slime creature is heavily wounded.
Your lungs strain for air!
The quicksilver ooze completely misses you.
The quicksilver ooze hits you but does no damage.
The large slime creature hits you but does no damage.
You hit the large slime creature.
Your headbutt misses the large slime creature.
The large slime creature is heavily wounded.
Your lungs strain for air!
The quicksilver ooze hits you.
The quicksilver ooze hits you but does no damage.
The large slime creature hits you!
* * * LOW HITPOINT WARNING * * *
You slice the large slime creature!!
You slice through the folds of space itself!
You hit the quicksilver ooze.
You headbutt the large slime creature, but do no damage.
The large slime creature is severely wounded.
* * * LOW HITPOINT WARNING * * *
Your lungs strain for air!
You block the quicksilver ooze's attack. x2
You slash the large slime creature!
You bite the large slime creature, but do no damage.
The large slime creature is severely wounded.
* * * LOW HITPOINT WARNING * * *
Your lungs strain for air!
The quicksilver ooze hits you!
* * * LOW HITPOINT WARNING * * *
The quicksilver ooze closely misses you.
The large slime creature closely misses you.
Okay, then.
Okay, then.
You feel better.
* * * LOW HITPOINT WARNING * * *
Your lungs strain for air!
The quicksilver ooze hits you!
You die...

#..##.##...
##..#..#..
#..#....#
#..##...#
##..#...##
#..##J..#
##..##..##
#...##J.#
##...@J.#
#......#
#......#
##.....#
##...##
#####


You could see a large slime creature and a quicksilver ooze.

Vanquished Creatures
  Jorgrun (Orc:1)
  A kraken (Shoals:1)
  Kirke (D:14)
  A stone giant (D:15)
  A war gargoyle (D:14)
  A minotaur (Gauntlet)
  A rakshasa (D:14)
  A fire dragon (Lair:5)
  A hydra (shapeshifter) (D:14)
  Harold (Lair:2)
  A catoblepas (D:11)
  4 hydras
  5 boulder beetles
  9 centaur warriors
  A ghost crab (Gauntlet)
  3 ogre magi
  A death knight (D:13)
  7 two-headed ogres
  4 merfolk aquamancers (Shoals:1)
  An orc high priest (Orc:1)
  2 tengu warriors (D:14)
  Nergalle (Orc:2)
  Amaemon (Lair:2)
  3 skeletal warriors
  2 sea snakes (Shoals:1)
  Pikel (D:4)
  2 deep elf archers
  An orb spider (shapeshifter) (D:14)
  6 deep elf zephyrmancers
  A wizard (D:14)
  5 deep elf pyromancers
  An orc knight (D:12)
  A necromancer (D:15)
  6 ugly things
  2 wolf spiders
  2 lindwurms (Lair:5)
  9 cyclopes
  7 manticores
  A worldbinder (Abyss:2)
  11 orc sorcerers
  A black mamba (shapeshifter) (D:13)
  4 elephants (Lair:5)
  A centaur zombie (D:15)
  2 black mambas (Lair:5)
  An orange demon (Lair:2)
  A naga mage (D:15)
  7 cane toads
  Maggie (D:10)
  An unseen horror (D:13)
  2 gargoyles
  5 torpor snails (Lair:5)
  8 komodo dragons
  2 centaur skeletons
  2 rime drakes
  Psyche (D:10)
  3 freezing wraiths
  3 merfolk (Shoals:1)
  4 trolls
  2 tengu conjurers
  2 polar bears (Lair:3)
  3 meliai (Gauntlet)
  4 tyrant leeches (Lair:5)
  2 wind drakes
  9 hornets
  19 slime creatures
  4 blink frogs (Lair:4)
  A jumping spider (Lair:3)
  2 snapping turtles (Shoals:1)
  A culicivora (Lair:3)
  3 shadows
  3 centaur simulacra
  A wraith (D:14)
  4 water elementals
  3 wyverns
  A yak (shapeshifter) (D:14)
  2 hogs (D:13)
  4 basilisks
  17 yaks
  A redback (Lair:3)
  4 steam dragons
  2 vampire mosquitoes (D:13)
  2 wargs
  An acid dragon (D:9)
  14 water moccasins
  22 orc warriors
  A great orb of eyes simulacrum (IceCv)
  2 ice beasts
  2 sky beasts
  5 black bears
  11 ogres
  8 centaurs
  18 wolves
  2 lemures (D:3)
  2 phantoms
  17 bullfrogs
  A gnoll sergeant (D:6)
  A glowing shapeshifter simulacrum (IceCv)
  2 scorpions (D:5)
  4 necrophages
  3 wights (D:7)
  A water moccasin zombie (D:5)
  A hornet simulacrum (D:15)
  4 killer bees (D:8)
  2 electric eels (D:15)
  12 howler monkeys
  2 bullfrog zombies (D:5)
  4 jellies
  A human zombie (D:5)
  3 hounds
  15 orc priests
  4 iguanas
  38 orc wizards
  4 hell rats (Lair:2)
  2 hound zombies (D:5)
  3 mummies (D:5)
  10 gnolls
  5 adders
  A white imp (D:7)
  2 ufetubi
  An adder zombie (D:5)
  4 worms
  94 orcs
  10 ball pythons
  7 endoplasms
  4 giant cockroaches
  12 goblins
  8 hobgoblins
  21 kobolds
  2 quokkas
  3 training dummies (D:6)
  5 bats
  A frilled lizard (D:1)
  4 rats
  A spectral orc (D:9)
663 creatures vanquished.

Vanquished Creatures (others)
  A quicksilver ooze (IceCv)
  2 humans (D:14)
  2 orc wizards (Orc:2)
  55 fungi
  97 plants
  6 tentacles (Shoals:1)
  3 toadstools (D:3)
166 creatures vanquished.

Grand Total: 829 creatures vanquished

Notes
Turn   | Place    | Note
-------+----------+-------------------------------------------
     0 | D:1      | mtoz the Gnoll Fighter began the quest for the Orb.
     0 | D:1      | Reached XP level 1. HP: 23/23 MP: 1/1
   435 | D:1      | Reached XP level 2. HP: 29/29 MP: 2/2
  1190 | D:1      | Found a faded altar of an unknown god.
  1204 | D:1      | Found a faded altar of an unknown god.
  1213 | D:1      | Reached XP level 3. HP: 30/35 MP: 3/3
  1733 | D:2      | Reached skill level 1 in Invocations
  2175 | D:2      | Reached skill level 1 in Short Blades
  2175 | D:2      | Reached skill level 1 in Long Blades
  2175 | D:2      | Reached skill level 1 in Maces & Flails
  2175 | D:2      | Reached skill level 1 in Polearms
  2175 | D:2      | Reached skill level 1 in Staves
  2175 | D:2      | Reached skill level 1 in Ranged Weapons
  2175 | D:2      | Reached skill level 1 in Throwing
  2175 | D:2      | Reached skill level 1 in Dodging
  2175 | D:2      | Reached skill level 1 in Stealth
  2175 | D:2      | Reached skill level 1 in Unarmed Combat
  2175 | D:2      | Reached skill level 1 in Spellcasting
  2175 | D:2      | Reached skill level 1 in Evocations
  2327 | D:3      | Found Mituit's Jewellery Shop.
  2374 | D:3      | Reached XP level 4. HP: 41/41 MP: 5/5
  2633 | D:3      | Found a white marble altar of Elyvilon.
  2833 | D:3      | Reached skill level 1 in Conjurations
  2833 | D:3      | Reached skill level 1 in Hexes
  2833 | D:3      | Reached skill level 1 in Summonings
  2833 | D:3      | Reached skill level 1 in Necromancy
  2833 | D:3      | Reached skill level 1 in Translocations
  2833 | D:3      | Reached skill level 1 in Transmutations
  2833 | D:3      | Reached skill level 1 in Fire Magic
  2833 | D:3      | Reached skill level 1 in Ice Magic
  2833 | D:3      | Reached skill level 1 in Air Magic
  2833 | D:3      | Reached skill level 1 in Earth Magic
  2833 | D:3      | Reached skill level 1 in Poison Magic
  2874 | D:3      | Identified the +9 hand axe of Dullness {vorpal, Drain rElec
                  | MP+9}
  3095 | D:4      | Noticed a lemure
  3095 | D:4      | Noticed a lemure
  3095 | D:4      | Noticed Pikel
  3128 | D:3      | Killed a lemure
  3133 | D:3      | Killed a lemure
  3246 | D:4      | Reached XP level 5. HP: 47/47 MP: 7/7
  3269 | D:4      | Found a hide-covered altar of Uskayaw.
  3532 | D:4      | Found an opulent altar of Gozag.
  3532 | D:4      | Found Gozag's Platinum Reserve.
  3588 | D:4      | Reached XP level 6. HP: 42/53 MP: 8/8
  3648 | D:4      | Reached skill level 5 in Axes
  3746 | D:4      | Found a hazy altar of Hepliaklqana.
  3788 | D:4      | Killed Pikel
  3789 | D:4      | Reached XP level 7. HP: 49/60 MP: 11/11
  3878 | D:4      | Found a snail-covered altar of Cheibriados.
  3971 | D:4      | Became a worshipper of Cheibriados the Contemplative
  4100 | D:4      | Found a sparkling altar of Nemelex Xobeh.
  4101 | D:4      | Found a stormy altar of Qazlal.
  4331 | D:5      | Entered Level 5 of the Dungeon
  4331 | D:5      | Found Zudui's Assorted Antiques.
  4473 | D:5      | Reached XP level 8. HP: 67/67 MP: 12/12
  4487 | D:5      | Found an ornate altar of the Wu Jian Council.
  4487 | D:5      | Found a bloodstained altar of Trog.
  5180 | D:5      | Reached * piety under Cheibriados
  5276 | D:5      | Found a broken altar of Ashenzari.
  5278 | D:5      | Found a broken altar of Ashenzari.
  5278 | D:5      | Found a glowing silver altar of Zin.
  5280 | D:5      | Found a stormy altar of Qazlal.
  5280 | D:5      | Found a shadowy altar of Dithmenos.
  5280 | D:5      | Found a shimmering altar of Xom.
  5491 | D:5      | Found an ancient bone altar of Kikubaaqudgha.
  5536 | D:5      | Reached XP level 9. HP: 73/73 MP: 14/14
  5946 | D:6      | Found a staircase to the Ecumenical Temple.
  5963 | Temple   | Entered the Ecumenical Temple
  6272 | D:6      | Reached ** piety under Cheibriados
  6383 | D:6      | Found a sacrificial altar of Ru.
  6431 | D:6      | Found Iriudd's Firing Range.
  6695 | D:6      | Reached skill level 5 in Invocations
  6969 | D:7      | Found a flagged portal.
  6982 | Bailey   | Entered a bailey
  7060 | Bailey   | Reached *** piety under Cheibriados
  7505 | Bailey   | Reached skill level 5 in Short Blades
  7505 | Bailey   | Reached skill level 5 in Long Blades
  7505 | Bailey   | Reached skill level 5 in Maces & Flails
  7505 | Bailey   | Reached skill level 5 in Polearms
  7505 | Bailey   | Reached skill level 5 in Staves
  7505 | Bailey   | Reached skill level 5 in Ranged Weapons
  7505 | Bailey   | Reached skill level 5 in Throwing
  7505 | Bailey   | Reached skill level 5 in Dodging
  7505 | Bailey   | Reached skill level 5 in Stealth
  7505 | Bailey   | Reached skill level 5 in Unarmed Combat
  7505 | Bailey   | Reached skill level 5 in Spellcasting
  7505 | Bailey   | Reached skill level 5 in Evocations
  7505 | Bailey   | Reached XP level 10. HP: 42/81 MP: 17/17
  8215 | D:7      | Noticed a kobold demonologist
  8237 | D:7      | Noticed a kobold demonologist
  8240 | D:7      | Found a transporter.
  8376 | D:7      | Found a transporter.
  8743 | D:8      | Noticed a manticore
  8749 | D:8      | Killed a manticore
  9081 | D:8      | Reached **** piety under Cheibriados
  9083 | D:8      | Found Magakau's Distillery.
 10345 | D:9      | Found a radiant altar of Vehumet.
 10420 | D:9      | Found a basalt altar of Yredelemnul.
 10556 | D:10     | Entered Level 10 of the Dungeon
 10561 | D:10     | Found Kayteil's Assorted Antiques.
 10745 | D:3      | Bought an amulet of regeneration for 420 gold pieces
 10896 | D:10     | Reached ***** piety under Cheibriados
 10903 | D:10     | Reached skill level 5 in Conjurations
 10903 | D:10     | Reached skill level 5 in Hexes
 10903 | D:10     | Reached skill level 5 in Summonings
 10903 | D:10     | Reached skill level 5 in Necromancy
 10903 | D:10     | Reached skill level 5 in Translocations
 10903 | D:10     | Reached skill level 5 in Transmutations
 10903 | D:10     | Reached skill level 5 in Fire Magic
 10903 | D:10     | Reached skill level 5 in Ice Magic
 10903 | D:10     | Reached skill level 5 in Air Magic
 10903 | D:10     | Reached skill level 5 in Earth Magic
 10903 | D:10     | Reached skill level 5 in Poison Magic
 10994 | D:10     | Reached XP level 11. HP: 77/89 MP: 20/20
 11037 | D:10     | Noticed Maggie
 11051 | D:10     | Killed Maggie
 11165 | D:10     | Noticed Psyche
 11173 | D:10     | Killed Psyche
 11339 | D:10     | Found a shadowy altar of Dithmenos.
 11345 | D:10     | You fall into a shaft and drop 1 floor!
 11530 | D:11     | Noticed a catoblepas
 11530 | D:11     | Noticed a manticore
 11636 | D:11     | Noticed a cyclops
 11641 | D:11     | Killed a cyclops
 11656 | D:11     | Gained mutation: You are partially covered in iridescent
                  | scales. (AC +2) [potion of mutation]
 11656 | D:11     | Gained mutation: Armour fits poorly on your strangely
                  | shaped body. [potion of mutation]
 11656 | D:11     | Gained mutation: You are strong-willed. (Will+) [potion of
                  | mutation]
 11656 | D:11     | Gained mutation: You have a pair of small horns on your
                  | head. [potion of mutation]
 11705 | D:11     | Killed a manticore
 11802 | D:11     | Found a staircase to the Lair.
 11835 | D:11     | Found Hyts's Specialty Armours.
 11835 | D:11     | Noticed a centaur warrior
 11842 | D:11     | Killed a centaur warrior
 11921 | D:11     | Killed a catoblepas
 11959 | D:11     | Noticed a cyclops
 11970 | D:11     | Killed a cyclops
 12413 | Lair:1   | Entered Level 1 of the Lair of Beasts
 12463 | D:12     | Found a gate leading to a gauntlet.
 12471 | Gauntlet | Entered a Gauntlet
 12471 | Gauntlet | Found a transporter.
 12474 | Gauntlet | Found a transporter.
 12478 | Gauntlet | Noticed a hell beast
 12491 | Gauntlet | Found a transporter.
 12494 | Gauntlet | Found a transporter.
 12496 | Gauntlet | Found a large runed translucent door.
 12496 | Gauntlet | Found a large runed translucent door.
 12497 | Gauntlet | Found a large runed translucent door.
 12498 | Gauntlet | Found a large runed translucent door.
 12498 | Gauntlet | Found a large runed translucent door.
 12498 | Gauntlet | Found a runed translucent door.
 12499 | Gauntlet | Found a large runed translucent door.
 12500 | Gauntlet | Found a large runed translucent door.
 12501 | Gauntlet | Found a large runed translucent door.
 12501 | Gauntlet | Found a large runed translucent door.
 12502 | Gauntlet | Found a runed translucent gate.
 12510 | Gauntlet | Found a runed translucent gate.
 12510 | Gauntlet | Found a transporter.
 12511 | Gauntlet | Found a runed translucent gate.
 12511 | Gauntlet | Found a runed translucent door.
 12514 | Gauntlet | Found a large runed translucent door.
 12514 | Gauntlet | Found a large runed translucent door.
 12515 | Gauntlet | Found a large runed translucent door.
 12516 | Gauntlet | Found a large runed translucent door.
 12516 | Gauntlet | Noticed a ghost crab
 12522 | Gauntlet | Noticed an entropy weaver
 12524 | Gauntlet | Noticed a wolf spider
 12526 | Gauntlet | Found a large runed translucent door.
 12526 | Gauntlet | Found a large runed translucent door.
 12527 | Gauntlet | Found a large runed translucent door.
 12529 | Gauntlet | Found a transporter.
 12533 | Gauntlet | Found a transporter.
 12533 | Gauntlet | Found the +3 Mad Mage's Maulers {Infuse+∞ RegenMP Int-3}
 12556 | Gauntlet | Reached XP level 12. HP: 67/97 MP: 22/22
 12566 | Gauntlet | Identified the +1 pair of boots "Umyb" {+Inv MP+9 Int-4}
 12595 | Gauntlet | Killed a ghost crab
 12655 | Gauntlet | Found a transporter.
 12686 | Gauntlet | Identified the +7 chain mail "Seaq" {MP+9 SInv}
 12686 | Gauntlet | Noticed a minotaur
 12701 | Gauntlet | Killed a minotaur
 12760 | Gauntlet | jewellery
 12760 | Gauntlet | ring
 12879 | D:12     | Noticed a two-headed ogre
 12886 | D:12     | Killed a two-headed ogre
 12918 | D:12     | Found a staircase to the Orcish Mines.
 13001 | D:12     | Reached skill level 10 in Fighting
 13001 | D:12     | Reached skill level 10 in Armour
 13001 | D:12     | Reached skill level 10 in Shields
 13262 | D:12     | Noticed a two-headed ogre
 13268 | D:12     | Killed a two-headed ogre
 13554 | D:12     | Noticed a boulder beetle
 13580 | D:12     | Killed a boulder beetle
 13581 | D:12     | Noticed a two-headed ogre
 13588 | D:12     | Killed a two-headed ogre
 13687 | D:12     | Reached ****** piety under Cheibriados
 13693 | Orc:1    | Entered Level 1 of the Orcish Mines
 13777 | Orc:1    | Noticed a soul eater
 14127 | Orc:2    | Entered Level 2 of the Orcish Mines
 14131 | Orc:2    | Noticed an orc high priest
 14131 | Orc:2    | Noticed Jorgrun
 14162 | Orc:1    | Killed an orc high priest
 14163 | Orc:1    | Reached XP level 13. HP: 44/104 MP: 25/25
 14231 | Orc:1    | Killed Jorgrun
 14360 | Orc:2    | Found a staircase to the Elven Halls.
 14892 | Orc:2    | Gained mutation: You are occasionally teleported next to
                  | monsters. [a neqoxec]
 14895 | Orc:2    | Paralysed by an orc sorcerer for 4 turns
 14930 | Orc:2    | Found Wunkal's Antique Weapon Shoppe.
 15055 | Orc:2    | Found an ancient bone altar of Kikubaaqudgha.
 15057 | Orc:2    | Noticed Nergalle
 15074 | Orc:2    | Killed Nergalle
 15206 | Orc:2    | Found a radiant altar of Vehumet.
 15210 | Orc:2    | Found Vuunkiq's Magic Scroll Shoppe.
 15223 | Orc:2    | Found Mehedghe's Jewellery Shoppe.
 15283 | Orc:2    | Found Ememonk's Antique Weapon Emporium.
 15451 | Orc:2    | Bought the ring of Trepidation {Fly rC+ Int+6 SInv} for 788
                  | gold pieces
 15578 | Orc:1    | Learned a level 2 spell: Passwall
 15591 | Elf:1    | Entered Level 1 of the Elven Halls
 15692 | Orc:2    | Bought a ring of willpower for 350 gold pieces
 15773 | Orc:2    | Reached skill level 10 in Axes
 16540 | Lair:1   | Learned a level 3 spell: Teleport Other
 16543 | Lair:1   | Learned a level 2 spell: Poisonous Vapours
 16546 | Lair:1   | Learned a level 2 spell: Static Discharge
 16551 | Lair:1   | Learned a level 4 spell: Olgreb's Toxic Radiance
 16555 | Lair:1   | Learned a level 3 spell: Gell's Gravitas
 16559 | Lair:1   | Learned a level 3 spell: Lesser Beckoning
 16562 | Lair:1   | Learned a level 2 spell: Ensorcelled Hibernation
 16564 | Lair:1   | Learned a level 1 spell: Sting
 16593 | Lair:2   | Found a staircase to the Shoals.
 16628 | Lair:2   | Noticed Amaemon
 16643 | Lair:2   | Killed Amaemon
 16644 | Lair:2   | Reached skill level 10 in Invocations
 16644 | Lair:2   | Reached XP level 14. HP: 95/113 MP: 27/27
 16706 | Lair:2   | Noticed Harold
 16725 | Lair:2   | Killed Harold
 17542 | Lair:3   | Found a hide-covered altar of Uskayaw.
 17542 | Lair:3   | Found an ornate altar of the Wu Jian Council.
 18045 | Lair:3   | Found a hole to the Spider Nest.
 18560 | Lair:4   | Found a viscous altar of Jiyva.
 18561 | Lair:4   | Found a staircase to the Slime Pits.
 19259 | Lair:5   | Entered Level 5 of the Lair of Beasts
 20038 | Lair:5   | Found a runed translucent door.
 20103 | Lair:5   | Paralysed by a hornet for 2 turns
 20942 | D:13     | Reached skill level 10 in Short Blades
 20942 | D:13     | Reached skill level 10 in Long Blades
 20942 | D:13     | Reached skill level 10 in Maces & Flails
 20942 | D:13     | Reached skill level 10 in Polearms
 20942 | D:13     | Reached skill level 10 in Staves
 20942 | D:13     | Reached skill level 10 in Ranged Weapons
 20942 | D:13     | Reached skill level 10 in Throwing
 20942 | D:13     | Reached skill level 10 in Dodging
 20942 | D:13     | Reached skill level 10 in Stealth
 20942 | D:13     | Reached skill level 10 in Unarmed Combat
 20942 | D:13     | Reached skill level 10 in Spellcasting
 20942 | D:13     | Reached skill level 10 in Evocations
 21048 | D:13     | Identified the +0 robe of Gimyruotz {Will- Dex+6 Archmagi}
 21118 | D:13     | Found Pomn's Book Boutique.
 21281 | D:13     | Found Dagheo's Weapon Emporium.
 21292 | D:13     | Reached XP level 15. HP: 120/120 MP: 29/29
 21312 | D:13     | Identified the +4 spear of Jibrol {freeze, Int+2 Dex+6
                  | SInv}
 21364 | D:13     | Found Esotoecu's Antique Weapon Shoppe.
 21391 | D:13     | Found Givoz's Antique Armour Shoppe.
 22159 | D:14     | Noticed Kirke
 22493 | D:14     | Killed Kirke
 22583 | D:13     | Bought a brightly glowing kite shield for 275 gold pieces
 22583 | D:13     | Identified the +1 kite shield of Philately {Int+4} (You
                  | bought it in a shop on level 13 of the Dungeon)
 22640 | D:14     | Identified the ring of the Princeling {rF++ rC- Str+5 SInv}
 22652 | D:14     | Identified the +1 chain mail of the Lost Dances {+Blink
                  | Str+2 Int+2}
 22789 | D:14     | Lost mutation: You are strong-willed. (Will+) [potion of
                  | mutation]
 22789 | D:14     | Lost mutation: You are occasionally teleported next to
                  | monsters. [potion of mutation]
 22789 | D:14     | Gained mutation: Your mind is acute. (Int +4, Str/Dex -1)
                  | [potion of mutation]
 22789 | D:14     | Gained mutation: You are strong-willed. (Will+) [potion of
                  | mutation]
 22911 | D:15     | Entered Level 15 of the Dungeon
 23060 | D:14     | Found a gate to the Vaults.
 23928 | D:15     | Noticed Roxanne
 23992 | D:15     | Found a staircase to the Depths.
 24006 | Depths:1 | Entered Level 1 of the Depths
 24331 | Shoals:1 | Entered Level 1 of the Shoals
 24363 | Shoals:1 | Reached XP level 16. HP: 64/129 MP: 30/30
 24384 | Abyss:2  | Cast into level 2 of the Abyss (merfolk)
 24530 | Shoals:1 | Escaped the Abyss
 24673 | Shoals:1 | Noticed a kraken
 24681 | Shoals:1 | Killed a kraken
 24778 | Shoals:1 | Found a frozen archway.
 24833 | IceCv    | Entered an ice cave
 24984 | IceCv    | HP: 5/129 [quicksilver ooze (12)]
 24985 | IceCv    | Slain by a quicksilver ooze

Illustrated notes

#§...###
##############......
#........#.####.8...
#....##.###.#..##≈.....
#.# #....#.#...##...##
#.##.#.#....#...#s
#####.#.#.©8.#...#B
#⌠.⌠#)#.#....#...#s
#.@...#...©8.#.8.##
#⌠.⌠#.#.#....#...#.
#####.#.#.©8.#...##
#.###....#...#© ..#
#...##...## ### #..##
..... #.## .8... ###
... ###


Turn 12760 on Gauntlet: jewellery

Levels and vault maps discovered:
D:1:      dpeg_arrival_three_smaller_balls, layout_basic,
          hellmonk_ecumenical_altar_the_god_not_taken
D:2:      layout_loops_corners
D:3:      layout_rooms, elyvilon_altar_1, serial_shops, shop,
          minmay_gold_behind_fungi, nrook_campfire
D:4:      layout_loops_ring, cheibrodos_worm_habitat,
          nicolae_gozag_zags_fifth_avenue, mainiacjoe_overflow_six_doors_small,
          nicolae_uskayaw_murder_on_the_dancefloor,
          gammafunk_temple_overflow_wave, serial_forest,
          infiniplex_forest_fountain, infiniplex_forest_clump_large,
          infiniplex_forest_end_2, infiniplex_forest_lined_2,
          infiniplex_forest_lined_3, infiniplex_forest_lined_1, uniq_pikel
D:5:      layout_loops_corners, doesnt_xom_only_xom,
          gammafunk_temple_overflow_pools, lemuel_mausoleum_altar_kikubaaqudgha,
          nicolae_stop_n_shop_1, minmay_crystal_room, columned_hall_lemuel
D:6:      layout_rooms, general_overflow_altar, minmay_temple_entry_large_hall,
          hangedman_decor_clover_reticule, minmay_curled_crystal,
          nicolae_shop_firing_range
D:7:      gammafunk_wand_slinger, layout_loops_ring, enter_bailey_7
D:8:      layout_basic, serial_shops, nicolae_shop_advertising_works
          [nicolae_subvault_shop_adworks]
D:9:      layout_rooms, vehumet_statue, yredelemnul_forgotten_temple_becter
D:10:     layout_roguey, overflow_temple_1_default, serial_shops, shop,
          uniq_psyche, uniq_maggie
D:11:     nzn_motion_control, layout_irregular_city,
          due_lair_maze_entry_diamond, nicolae_barding_shop
D:12:     layout_cave_pods, hiddenorc2_lemuel, gauntlet_entry_generic
D:13:     minmay_inner_zag, layout_long_grid, serial_shops,
          nicolae_shop_waterfront, nicolae_square_shop, shop_statue,
          shop_statue, st_stairs_14, hangedman_decor_slide_cut
D:14:     minmay_the_grid_3x2 [minmay_the_grid_rooms, minmay_the_grid_paths,
          minmay_the_grid_spikes, minmay_the_grid_pillar_ring,
          minmay_the_grid_doors, minmay_the_grid_prize_diamond_cup],
          layout_cave_pools, david_vaults_2, lightli_corner_chamber, uniq_kirke
D:15:     grunt_enter_depths_magical_seal, layout_basic,
          nicolae_concentric_dashed_squares_wild, uniq_roxanne
Temple:   nicolae_temple_little_seven
Lair:1:   layout_small_grid
Lair:2:   layout_chaotic_city, minmay_shoals_entry_beasts, lemuel_fruit_tree,
          serial_bayou_shore_a, uniq_amaemon, uniq_harold
Lair:3:   layout_loops_ring, spider_nest_entry_funnel_web,
          hangedman_lair_unloving_vines, nzn_masters_of_martial_movement
Lair:4:   layout_regular_city, slime_entry_1
Lair:5:   wormcave, layout_misc_corridors
Shoals:1: layout_shoals, portal_ice_cave_entry_frozen_things,
          nicolae_shoals_aquamancer_cove
Orc:1:    layout_caves
Orc:2:    kennysheep_orc_mage_school, layout_caves, minmay_orc_temple_b,
          uniq_jorgrun
Elf:1:    minmay_elf_arrival_summoners, layout_gridlike, serial_shops, shop,
          shop, nicolae_shop_statue_plus, nicolae_diamond_shop, basic_altar,
          hangedman_elf_disciples
Depths:1: layout_basic, rand_demon_pan_entry_9, hell_entry,
          ashenzari_conservatory_becter, serial_shops, statue_bzr, abyss_entry,
          nicolae_eternal_life, eino_small_chamber_without_monster,
          minivault_16, serial_sigils_hangedman_shear, nicolae_ru_path_of_blood
IceCv:    ice_cave_hellmonk_azure_passage

Skill      XL: |  1  2  3  4  5  6  7  8  9 10 11 12 13 14 15 16 |
---------------+-------------------------------------------------+-----
Invocations    | 1 2 3 4 5 6 7 8 10 11 12 | 12.1
Short Blades   | 1 2 3 5 6 7 8 9 10 11 | 11.1
Long Blades    | 1 2 3 5 6 7 8 9 10 11 | 11.7
Maces & Flails | 1 2 3 5 6 7 8 9 10 11 | 11.1
Polearms       | 1 2 3 5 6 7 8 9 10 11 | 11.1
Staves         | 1 2 3 5 6 7 8 9 10 11 | 11.1
Ranged Weapons | 1 2 3 5 6 7 8 9 10 11 | 11.1
Throwing       | 1 2 3 5 6 7 8 9 10 11 | 11.1
Dodging        | 1 2 3 5 6 7 8 9 10 11 | 11.1
Stealth        | 1 2 3 5 6 7 8 9 10 11 | 11.1
Unarmed Combat | 1 2 3 5 6 7 8 9 10 11 | 11.1
Spellcasting   | 1 2 3 5 6 7 8 9 10 11 | 11.1
Evocations     | 1 2 3 5 6 7 8 9 10 11 | 11.1
Conjurations   | 1 2 3 4 5 6 7 8 9 |  9.3
Hexes          | 1 2 3 4 5 6 7 8 9 |  9.3
Summonings     | 1 2 3 4 5 6 7 8 9 |  9.3
Necromancy     | 1 2 3 4 5 6 7 8 9 |  9.3
Translocations | 1 2 3 4 5 6 7 8 9 |  9.3
Transmutations | 1 2 3 4 5 6 7 8 9 |  9.3
Fire Magic     | 1 2 3 4 5 6 7 8 9 |  9.3
Ice Magic      | 1 2 3 4 5 6 7 8 9 |  9.3
Air Magic      | 1 2 3 4 5 6 7 8 9 |  9.3
Earth Magic    | 1 2 3 4 5 6 7 8 9 |  9.3
Poison Magic   | 1 2 3 4 5 6 7 8 9 |  9.3
Axes           | 5 6 7 8 9 10 11 12 | 12.0
Fighting       | 7 8 9 10 11 12 | 12.8
Armour         | 7 8 9 10 11 12 | 12.8
Shields        | 7 8 9 10 11 12 | 12.8

Action                   |  1- 3 |  4- 6 |  7- 9 | 10-12 | 13-15 | 16-18 || total
-------------------------+-------+-------+-------+-------+-------+-------++-------
Melee: War axe           |    38 |       |       |       |       |       ||    38
       Short sword       |    69 |    25 |       |       |       |       ||    94
       Bite              |    11 |     8 |    26 |    77 |   137 |    15 ||   274
       Hand axe          |       |    58 |   228 |   411 |   234 |       ||   931
       Headbutt          |       |       |       |    50 |   226 |    20 ||   296
       Katana            |       |       |       |       |   649 |   109 ||   758
       Trident           |       |       |       |       |    29 |       ||    29
Throw: Stone             |    13 |       |     7 |       |       |       ||    20
       Boomerang         |       |       |    37 |   126 |   227 |    67 ||   457
       Javelin           |       |       |     1 |       |       |       ||     1
       Dart              |       |       |       |    17 |       |       ||    17
 Cast: Olgreb's Toxic Ra |       |       |       |       |     1 |     3 ||     4
       Teleport Other    |       |       |       |       |     1 |       ||     1
       Static Discharge  |       |       |       |       |     1 |       ||     1
       Gell's Gravitas   |       |       |       |       |     1 |       ||     1
Invok: Bend Time         |       |       |       |     3 |     3 |       ||     6
       Temporal Distorti |       |       |       |     1 |       |       ||     1
       Slouch            |       |       |       |     1 |     4 |     7 ||    12
       Step From Time    |       |       |       |       |     4 |       ||     4
Evoke: Wand              |       |       |       |     2 |     3 |     2 ||     7
  Use: Potion            |       |     1 |     7 |     8 |     5 |    11 ||    32
       Scroll            |       |       |     5 |     9 |     5 |     1 ||    20
 Stab: Distracted        |       |       |       |     1 |     1 |       ||     2
       Sleeping          |       |       |       |       |    11 |     1 ||    12
Armor: Scale mail        |    34 |     1 |       |       |       |       ||    35
       Plate armour      |       |    50 |    82 |       |       |       ||   132
       Chain mail        |       |       |    24 |   138 |   322 |    57 ||   541
Dodge: Dodged            |    42 |    18 |    59 |   203 |   458 |    90 ||   870
       Repelled          |       |       |       |     2 |    10 |       ||    12
Block: Buckler           |    13 |    19 |    51 |    50 |    77 |    42 ||   252
       Kite shield       |       |       |       |   221 |   544 |       ||   765
